AoeStats
← jake

Arabia

510014300Analyzed
1v1 RM · 3d ago on Sep 29, 2026· 38m 36s· 2 players
Game mode
Random Map
Map size
Tiny (2 player)
Population
200
Speed
Normal
Resources
Standard
Victory
Conquest
Starting age
Dark Age
Ending age
Imperial Age
RankedLock teamsTeams togetherTeam positionsShared explorationLock speedFull tech treeHidden civsTurbo modeCheats
Victory
Defeat
🇦🇺 Franks · Australia
1067
+15
🇹🇼 Cumans · Taiwan
1043
-15
garyoling
1:44 Loom
9:57 Feudal Age
10:23 Double-Bit Axe
10:37 Horse Collar
23:03 Castle Age
21:51 Scale Mail Armor
22:01 Forging
26:14 Bloodlines
26:49 Bow Saw
27:39 Scale Barding Armor
32:09 Capped Ram
34:27 Fletching
jake
7:26 Loom
9:29 Feudal Age
10:35 Double-Bit Axe
19:30 Castle Age
18:48 Forging
18:40 Gold Mining
20:13 Scale Barding Armor
21:46 Iron Casting
24:06 Town Watch
25:23 Chain Barding Armor
27:57 Wheelbarrow
28:21 Gold Shaft Mining
29:34 Fletching
31:57 Bodkin Arrow
36:42 Imperial Age
34:17 Guard Tower
35:13 Hand Cart
34:58 Town Patrol
37:17 Cavalier
39:26 Plate Barding Armor
38:59 Arrowslits
Connection lost

Rejoining the realm…

Still unreachable

The connection could not be restored.

Session expired

The server has moved on; the page needs a fresh start.